| TOP OF THE 1ST |
|
University of Miami Hurricanes batting - Pitching for University of Florida Gators : RHP Marty Jackson
|
|
Pitching: RHP Marty Jackson
|
|
|
Batting: RHB Guo Kwok
|
0-0: SINGLE (Line Drive, 7S, EV 86.3 MPH)
|
|
Batting: LHB Timotheus Young
|
0-0: Ball 1-0: Reached on error, E4 (Groundball, 4, EV 85.6 MPH) Guo Kwok to second
|
|
Batting: RHB Cesar Rendon
|
0-0: SINGLE (Groundball, 56D, EV 100.6 MPH) Guo Kwok to third Timotheus Young to second
|
|
Batting: LHB Eric Willis
|
0-0: Foul Ball, location: 2F 0-1: DOUBLE (Flyball, 8LXD, EV 95.0 MPH) Guo Kwok scores Timotheus Young scores Cesar Rendon to third
|
|
Batting: LHB Kiyosumi Yoshioka
|
0-0: Ball 1-0: Ball 2-0: Called Strike 2-1: Ball 3-1: Ground out 4-3 (Groundball, 4, EV 101.9 MPH) Cesar Rendon scores Eric Willis to third
|
|
Batting: RHB Dustin Goldsborough
|
0-0: Ball 1-0: Ball 2-0: Called Strike 2-1: Swinging Strike 2-2: Fly out, F9 (Flyball, 9LD, EV 106.9 MPH) Runner from 3rd tags up, SCORES, no throw by RF
|
|
Batting: SHB Dan Strickland
|
0-0: Called Strike 0-1: Reached on error, E6 (Groundball, 6M, EV 79.4 MPH)
|
|
Batting: RHB Akira Kubo
|
0-0: Called Strike 0-1: DOUBLE (Line Drive, 9LS, EV 106.3 MPH) Dan Strickland to third
|
|
Batting: RHB Alex Velasco
|
0-0: Foul Ball, location: 2F 0-1: Ground out 6-3 (Groundball, 6, EV 106.3 MPH)
|
| Top of the 1st over - 4 runs, 4 hits, 2 errors, 2 left on base; University of Miami 4 - University of Florida 0 |
| BOTTOM OF THE 1ST |
|
University of Florida Gators batting - Pitching for University of Miami Hurricanes : LHP Matt Karr
|
|
Pitching: LHP Matt Karr
|
|
|
Batting: RHB Antonio Honorato
|
0-0: SINGLE (Line Drive, 8RS, EV 107.5 MPH)
|
|
Batting: RHB Tim Dower
|
0-0: Called Strike 0-1: Ball 1-1: Ball 2-1: Ball 3-1: Foul Ball, location: 2F 3-2: Foul Ball, location: 2F 3-2: Foul Ball, location: 2F 3-2: SINGLE (Groundball, 6MD, EV 99.4 MPH) Antonio Honorato to second
|
|
Batting: RHB Jorge Lagunas
|
0-0: Ball 1-0: Fly out, F8 (Flyball, 8RXD, EV 93.8 MPH) Runner from 2nd tags up, SAFE at 3rd, no throw by CF
|
|
Batting: LHB Tomas Espino
|
0-0: 3-RUN HOME RUN (Flyball, 8LXD, EV 115.0 MPH), Distance : 440 ft
|
|
Batting: SHB Edgar Dominguez
|
0-0: Ball 1-0: Ball 2-0: Foul Ball, location: 2F 2-1: Swinging Strike 2-2: Ball 3-2: Foul Ball, location: 2F 3-2: Ground out 1-3 (Groundball, P, EV 73.8 MPH)
|
|
Batting: LHB Andy Buschlen
|
0-0: Ball 1-0: SINGLE (Line Drive, 56D, EV 97.5 MPH)
|
|
Batting: SHB Sun-wei Ng
|
0-0: Called Strike 0-1: Fly out, F8 (Flyball, 8RD, EV 100.0 MPH)
|
| Bottom of the 1st over - 3 runs, 4 hits, 0 errors, 1 left on base; University of Miami 4 - University of Florida 3 |
| TOP OF THE 2ND |
|
University of Miami Hurricanes batting - Pitching for University of Florida Gators : RHP Marty Jackson
|
|
Batting: RHB Guo Kwok
|
0-0: Called Strike 0-1: Ball 1-1: Called Strike 1-2: Ground out 6-3 (Groundball, 6, EV 103.1 MPH)
|
|
Batting: LHB Timotheus Young
|
0-0: Fly out, F9 (Flyball, 9S, EV 74.4 MPH)
|
|
Batting: RHB Cesar Rendon
|
0-0: Ground out 4-3 (Groundball, 4, EV 103.8 MPH)
|
| Top of the 2nd over - 0 runs, 0 hits, 0 errors, 0 left on base; University of Miami 4 - University of Florida 3 |
| BOTTOM OF THE 2ND |
|
University of Florida Gators batting - Pitching for University of Miami Hurricanes : LHP Matt Karr
|
|
Batting: LHB Carlos Palau
|
0-0: Fly out, F7 (Flyball, 7S, EV 87.5 MPH)
|
|
Batting: RHB Troy Morin
|
0-0: Called Strike 0-1: Called Strike 0-2: Strikes out swinging
|
|
Batting: RHB Antonio Honorato
|
0-0: Ball 1-0: SINGLE (Line Drive, 89S, EV 93.1 MPH)
|
|
Batting: RHB Tim Dower
|
0-0: Called Strike 0-1: Ball 1-1: Ball 2-1: Foul Ball, location: 2F 2-2: DOUBLE (Groundball, 5L, EV 100.6 MPH) Antonio Honorato to third Antonio Honorato scores
|
|
Batting: RHB Jorge Lagunas
|
0-0: Called Strike 0-1: Ball 1-1: DOUBLE (Line Drive, 7LM, EV 93.1 MPH) Tim Dower scores
|
|
Batting: LHB Tomas Espino
|
0-0: Ball 1-0: Foul Ball, location: 2F 1-1: Foul Ball, location: 2F 1-2: Ball 2-2: Fly out, F8 (Flyball, 78XD, EV 81.9 MPH)
|
| Bottom of the 2nd over - 2 runs, 3 hits, 0 errors, 1 left on base; University of Miami 4 - University of Florida 5 |
| TOP OF THE 3RD |
|
University of Miami Hurricanes batting - Pitching for University of Florida Gators : RHP Marty Jackson
|
|
Batting: LHB Eric Willis
|
0-0: Ball 1-0: Fly out, F8 (Line Drive, 8LM, EV 101.9 MPH)
|
|
Batting: LHB Kiyosumi Yoshioka
|
0-0: Ball 1-0: Reached on error, E3 (Groundball, 3L, EV 103.1 MPH)
|
|
Batting: RHB Dustin Goldsborough
|
0-0: Ball 1-0: Foul Ball, location: 2F 1-1: SINGLE (Groundball, 34D, EV 105.0 MPH) Kiyosumi Yoshioka to second Runner from 2nd tries for 3rd, SAFE, throw by RF made to third
|
|
Batting: SHB Dan Strickland
|
0-0: Ball 1-0: Fielders Choice at 2nd, 5-4 (Groundball, 56, EV 107.5 MPH) Kiyosumi Yoshioka scores
|
|
Batting: RHB Akira Kubo
|
0-0: Ball 1-0: Ball 2-0: Foul Ball, location: 2F 2-1: Ball 3-1: Fly out, F7 (Flyball, 7D, EV 91.3 MPH)
|
| Top of the 3rd over - 1 run, 1 hit, 1 error, 1 left on base; University of Miami 5 - University of Florida 5 |
| BOTTOM OF THE 3RD |
|
University of Florida Gators batting - Pitching for University of Miami Hurricanes : LHP Matt Karr
|
|
Batting: SHB Edgar Dominguez
|
0-0: Ball 1-0: Ball 2-0: Ground out 6-3 (Groundball, 6, EV 80.6 MPH)
|
|
Batting: LHB Andy Buschlen
|
0-0: Ball 1-0: Fly out, F8 (Line Drive, 78D, EV 104.4 MPH)
|
|
Batting: SHB Sun-wei Ng
|
0-0: Ball 1-0: Foul Ball, location: 2F 1-1: Ball 2-1: Ball 3-1: Called Strike 3-2: DOUBLE (Flyball, 78XD, EV 91.3 MPH)
|
|
Batting: LHB Carlos Palau
|
0-0: Called Strike 0-1: Ball 1-1: Called Strike 1-2: Foul Ball, location: 2F 1-2: Ball 2-2: Ball 3-2: Strikes out swinging
|
| Bottom of the 3rd over - 0 runs, 1 hit, 0 errors, 1 left on base; University of Miami 5 - University of Florida 5 |
| TOP OF THE 4TH |
|
University of Miami Hurricanes batting - Pitching for University of Florida Gators : RHP Marty Jackson
|
|
Batting: RHB Alex Velasco
|
0-0: Fly out, F8 (Flyball, 8LD, EV 87.5 MPH)
|
|
Batting: RHB Guo Kwok
|
0-0: Called Strike 0-1: Ball 1-1: SINGLE (Groundball, 4MD, EV 103.1 MPH)
|
|
Batting: LHB Timotheus Young
|
0-0: Ball 1-0: Ball 2-0: Fly out, F9 (Flyball, 9S, EV 91.3 MPH)
|
|
Batting: RHB Cesar Rendon
|
0-0: Called Strike 0-1: Foul Ball, location: 2F 0-2: Hit by Pitch Guo Kwok to second
|
|
Pitching: RHP Carlos Cheas
|
|
|
Batting: LHB Eric Willis
|
0-0: Ball 1-0: Foul Ball, location: 2F 1-1: Swinging Strike 1-2: Foul Ball, location: 2F 1-2: Ball 2-2: Strikes out swinging
|
| Top of the 4th over - 0 runs, 1 hit, 0 errors, 2 left on base; University of Miami 5 - University of Florida 5 |
| BOTTOM OF THE 4TH |
|
University of Florida Gators batting - Pitching for University of Miami Hurricanes : LHP Matt Karr
|
|
Batting: RHB Troy Morin
|
0-0: Called Strike 0-1: Ball 1-1: Ball 2-1: Foul Ball, location: 2F 2-2: Strikes out swinging
|
|
Batting: RHB Antonio Honorato
|
0-0: Ball 1-0: Ball 2-0: Ball 3-0: Base on Balls
|
|
Pitching: RHP Alex Granado
|
|
|
Batting: RHB Tim Dower
|
0-0: Ball 1-0: Called Strike 1-1: Ball 2-1: Ball 3-1: Called Strike 3-2: Strikes out swinging Antonio Honorato steals 2nd base Batter strikes out.
|
|
Batting: RHB Jorge Lagunas
|
0-0: Called Strike 0-1: Ground out U3 (Groundball, 34, EV 103.8 MPH)
|
| Bottom of the 4th over - 0 runs, 0 hits, 0 errors, 1 left on base; University of Miami 5 - University of Florida 5 |
| TOP OF THE 5TH |
|
University of Miami Hurricanes batting - Pitching for University of Florida Gators : RHP Carlos Cheas
|
|
Batting: LHB Kiyosumi Yoshioka
|
0-0: Called Strike 0-1: Ball 1-1: Swinging Strike 1-2: Strikes out swinging
|
|
Batting: RHB Dustin Goldsborough
|
0-0: Ball 1-0: Ball 2-0: Ball 3-0: Called Strike 3-1: Base on Balls
|
|
Batting: SHB Dan Strickland
|
0-0: Fly out, F7 (Flyball, 7LM, EV 85.6 MPH)
|
|
Batting: RHB Akira Kubo
|
0-0: Ball 1-0: Ball 2-0: Called Strike 2-1: Called Strike 2-2: Fly out, F4 (Line Drive, 4, EV 72.5 MPH)
|
| Top of the 5th over - 0 runs, 0 hits, 0 errors, 1 left on base; University of Miami 5 - University of Florida 5 |
| BOTTOM OF THE 5TH |
|
University of Florida Gators batting - Pitching for University of Miami Hurricanes : RHP Alex Granado
|
|
Batting: LHB Tomas Espino
|
0-0: Foul Ball, location: 2F 0-1: Ball 1-1: Swinging Strike 1-2: Ball 2-2: Ball 3-2: SOLO HOME RUN (Flyball, 7D, EV 100.6 MPH), Distance : 370 ft
|
|
Batting: SHB Edgar Dominguez
|
0-0: SINGLE (Groundball, 34D, EV 105.6 MPH)
|
|
Batting: LHB Andy Buschlen
|
0-0: Ball 1-0: Ball 2-0: Swinging Strike 2-1: Ball 3-1: Called Strike 3-2: Foul Ball, location: 2F 3-2: DOUBLE (Flyball, 78XD, EV 89.4 MPH) Edgar Dominguez to third
|
|
Batting: SHB Sun-wei Ng
|
0-0: Ball 1-0: Fly out, F2 (Popup, 2R, EV 93.8 MPH)
|
|
Batting: LHB Carlos Palau
|
0-0: Ball 1-0: Foul Ball, location: 2F 1-1: Ground out 4-3 (Groundball, 4S, EV 66.9 MPH)
|
|
Batting: RHB Troy Morin
|
0-0: Ball 1-0: SINGLE (Groundball, 15S, EV 70.0 MPH) (infield hit) Edgar Dominguez scores Andy Buschlen to third
|
|
Batting: RHB Antonio Honorato
|
0-0: Ball 1-0: Called Strike 1-1: Ball 2-1: Foul Ball, location: 2F 2-2: Ground out 2-3 (Groundball, 2R, EV 68.1 MPH)
|
| Bottom of the 5th over - 2 runs, 4 hits, 0 errors, 2 left on base; University of Miami 5 - University of Florida 7 |
| TOP OF THE 6TH |
|
University of Miami Hurricanes batting - Pitching for University of Florida Gators : RHP Carlos Cheas
|
|
Batting: RHB Alex Velasco
|
0-0: Called Strike 0-1: Ball 1-1: Ball 2-1: Foul Ball, location: 2F 2-2: Ground out U3 (Groundball, 3L, EV 104.4 MPH)
|
|
Batting: RHB Guo Kwok
|
0-0: Ball 1-0: Ground out 6-3 (Groundball, 6M, EV 88.8 MPH)
|
|
Batting: LHB Timotheus Young
|
0-0: Ball 1-0: Called Strike 1-1: Foul Ball, location: 2F 1-2: Strikes out swinging
|
| Top of the 6th over - 0 runs, 0 hits, 0 errors, 0 left on base; University of Miami 5 - University of Florida 7 |
| BOTTOM OF THE 6TH |
|
University of Florida Gators batting - Pitching for University of Miami Hurricanes : RHP Alex Granado
|
|
Batting: RHB Tim Dower
|
0-0: Ball 1-0: Called Strike 1-1: Ball 2-1: SINGLE (Groundball, 56D, EV 103.1 MPH)
|
|
Batting: RHB Jorge Lagunas
|
0-0: Ball 1-0: Called Strike 1-1: Ball 2-1: Foul Ball, location: 2F 2-2: Ball 3-2: SINGLE (Line Drive, 78S, EV 101.3 MPH) Tim Dower to second
|
|
Batting: LHB Tomas Espino
|
0-0: Foul Ball, location: 2F 0-1: Swinging Strike 0-2: Ball 1-2: Ball 2-2: SINGLE (Groundball, 34D, EV 109.4 MPH) Tim Dower to third Jorge Lagunas to second Runner from 3rd tries for Home, SAFE, throw by RF to home
|
|
Pitching: RHP Mike Balm
|
|
|
Batting: SHB Edgar Dominguez
|
0-0: Ball 1-0: Fly out, F7 (Line Drive, 7D, EV 106.3 MPH) Runner from 2nd tags up, SAFE at 3rd, no throw by LF
|
|
Batting: LHB Andy Buschlen
|
0-0: Ground out 5-3 (Groundball, P, EV 88.1 MPH) Tomas Espino to second
|
|
Batting: SHB Sun-wei Ng
|
0-0: Intentional Walk
|
|
Batting: LHB Carlos Palau
|
0-0: SINGLE (Groundball, 4D, EV 106.9 MPH) Jorge Lagunas scores Tomas Espino to third Sun-wei Ng to second Runner from 3rd tries for Home, SAFE, throw by RF to home
|
|
Batting: RHB Troy Morin
|
0-0: SINGLE (Groundball, 6, EV 96.9 MPH) Sun-wei Ng to third Carlos Palau to second Runner from 3rd tries for Home, SAFE, throw by LF to home
|
|
Batting: RHB Antonio Honorato
|
0-0: Called Strike 0-1: Ball 1-1: SINGLE (Groundball, 56D, EV 105.0 MPH) Carlos Palau to third Troy Morin to second Runner from 3rd tries for Home, SAFE, throw by LF to home
|
|
Batting: RHB Tim Dower
|
0-0: SINGLE (Flyball, 9LS, EV 93.1 MPH) Troy Morin to third Antonio Honorato to second Runner from 3rd tries for Home, SAFE, throw by RF to home
|
|
Batting: RHB Jorge Lagunas
|
0-0: SINGLE (Groundball, 34D, EV 95.6 MPH) Antonio Honorato to third Tim Dower to second Runner from 3rd tries for Home, throw by RF and OUT! 9-2
|
| Bottom of the 6th over - 6 runs, 8 hits, 0 errors, 2 left on base; University of Miami 5 - University of Florida 13 |
| TOP OF THE 7TH |
|
University of Miami Hurricanes batting - Pitching for University of Florida Gators : RHP Carlos Cheas
|
|
Pinch Hitting: RHB Daniel Molina
|
0-0: Fly out, F9 (Flyball, 89D, EV 99.4 MPH)
|
|
Pinch Hitting: LHB Danny de Leon
|
0-0: Ball 1-0: Fly out, F8 (Flyball, 78S, EV 91.9 MPH)
|
|
Batting: LHB Kiyosumi Yoshioka
|
0-0: SINGLE (Line Drive, 56D, EV 101.9 MPH)
|
|
Batting: RHB Dustin Goldsborough
|
0-0: 2-RUN HOME RUN (Flyball, 7LD, EV 91.3 MPH), Distance : 357 ft
|
|
Batting: SHB Dan Strickland
|
0-0: Called Strike 0-1: Ball 1-1: Foul Ball, location: 2F 1-2: Ball 2-2: Fly out, F8 (Flyball, 8RS, EV 85.6 MPH)
|
| Top of the 7th over - 2 runs, 2 hits, 0 errors, 0 left on base; University of Miami 7 - University of Florida 13 |
| BOTTOM OF THE 7TH |
|
University of Florida Gators batting - Pitching for University of Miami Hurricanes : RHP Mike Balm
|
|
Now in LF: Earl Crabtree
|
|
|
Now in RF: Daniel Molina
|
|
|
Batting: LHB Tomas Espino
|
0-0: Called Strike 0-1: Swinging Strike 0-2: Strikes out swinging
|
|
Batting: SHB Edgar Dominguez
|
0-0: Ball 1-0: Ball 2-0: Called Strike 2-1: Ball 3-1: Fly out, F9 (Flyball, 9S, EV 89.4 MPH)
|
|
Batting: LHB Andy Buschlen
|
0-0: Ball 1-0: Called Strike 1-1: Ground out 6-3 (Groundball, 6, EV 84.4 MPH)
|
| Bottom of the 7th over - 0 runs, 0 hits, 0 errors, 0 left on base; University of Miami 7 - University of Florida 13 |
| TOP OF THE 8TH |
|
University of Miami Hurricanes batting - Pitching for University of Florida Gators : RHP Carlos Cheas
|
|
Batting: RHB Akira Kubo
|
0-0: Ball 1-0: SINGLE (Groundball, 6M, EV 98.8 MPH)
|
|
Pitching: RHP Phil Rankin
|
|
|
Batting: RHB Alex Velasco
|
0-0: Called Strike 0-1: Ball 1-1: Foul Ball, location: 2F 1-2: Foul Ball, location: 2F 1-2: Strikes out swinging
|
|
Batting: RHB Guo Kwok
|
0-0: Ball 1-0: Called Strike 1-1: Fly out, F7 (Flyball, 7D, EV 97.5 MPH)
|
|
Batting: LHB Timotheus Young
|
0-0: Called Strike 0-1: Foul Ball, location: 2F 0-2: Ball 1-2: SINGLE (Line Drive, 7S, EV 98.8 MPH) Akira Kubo to second
|
|
Batting: RHB Daniel Molina
|
0-0: Ball 1-0: Fielders Choice at 2nd, 6-4 (Groundball, 6, EV 115.6 MPH)
|
| Top of the 8th over - 0 runs, 2 hits, 0 errors, 2 left on base; University of Miami 7 - University of Florida 13 |
| BOTTOM OF THE 8TH |
|
University of Florida Gators batting - Pitching for University of Miami Hurricanes : RHP Mike Balm
|
|
Batting: SHB Sun-wei Ng
|
0-0: Fly out, F9 (Line Drive, 9D, EV 97.5 MPH)
|
|
Batting: LHB Carlos Palau
|
0-0: Ball 1-0: Swinging Strike 1-1: Foul Ball, location: 2F 1-2: Strikes out swinging
|
|
Batting: RHB Troy Morin
|
0-0: Foul Ball, location: 2F 0-1: Swinging Strike 0-2: Ball 1-2: Ball 2-2: Ball 3-2: Base on Balls
|
|
Batting: RHB Antonio Honorato
|
0-0: Ball 1-0: Called Strike Troy Morin steals 2nd base 1-1: Ball 2-1: Ball 3-1: Fly out, F8 (Flyball, 8LD, EV 101.9 MPH)
|
| Bottom of the 8th over - 0 runs, 0 hits, 0 errors, 1 left on base; University of Miami 7 - University of Florida 13 |
| TOP OF THE 9TH |
|
University of Miami Hurricanes batting - Pitching for University of Florida Gators : RHP Phil Rankin
|
|
Batting: RHB Earl Crabtree
|
0-0: Foul Ball, location: 2F 0-1: Ball 1-1: Swinging Strike 1-2: SINGLE (Groundball, 6D, EV 98.1 MPH)
|
|
Batting: LHB Kiyosumi Yoshioka
|
0-0: Called Strike 0-1: Called Strike 0-2: Ball 1-2: Strikes out swinging
|
|
Batting: RHB Dustin Goldsborough
|
0-0: Ball 1-0: Fielders Choice at 2nd, 3-6 (Groundball, 3S, EV 81.3 MPH)
|
|
Pinch Hitting: RHB Carlos Almada
|
0-0: Ball 1-0: Fly out, F8 (Line Drive, 8RM, EV 88.1 MPH)
|
| Top of the 9th over - 0 runs, 1 hit, 0 errors, 1 left on base; University of Miami 7 - University of Florida 13 |
|